 Dungeon Crawl Stone Soup version 0.21-a0-79-g04744e2 (webtiles) character file.

100942 xgamer67 the Warrior (level 16, -1/136 HPs)
             Began as a Human Monk on June 21, 2017.
             Was a High Priest of Fedhas.
             Slain by a tentacle (15 damage)
             ... attached to a kraken
             ... on level 1 of the Shoals on June 22, 2017.
             The game lasted 02:22:28 (45806 turns).

xgamer67 the Warrior (Human Monk)                  Turns: 45806, Time: 02:22:29

Health: -1/136     AC: 36    Str: 15    XL:     16   Next: 81%
Magic:  19/19      EV: 19    Int: 12    God:    Fedhas [*****.]
Gold:   282        SH:  7    Dex: 19    Spells: 14/15 levels left

rFire    . . .     SeeInvis .   a - +0 morningstar (crush)
rCold    + . .     Gourm    .   A - +1 buckler {reflect}
rNeg     . . .     Faith    .   w - +7 Kryia's mail coat {PotionHeal*2 rC+}
rPois    .         Spirit   .   p - +2 helmet
rElec    .         Reflect  +   P - +2 cloak
rCorr    .         Harm     .   W - +2 pair of gloves
MR       +....     Rnd*Rage +   F - +2 pair of boots
Stlth    +.........             v - amulet of regeneration
HPRegen  0.72/turn              y - +5 ring of protection
MPRegen  0.16/turn              i - +3 ring of dexterity

@: mesmerised, very slightly contaminated
A: berserk 1, blurry vision 1, sense surroundings 1, weak 1
a: Fungal Bloom, Evolution, Sunlight, Growth, Reproduction, Rain, Renounce
Religion


You were on level 1 of the Shoals.
You worshipped Fedhas.
Fedhas was extremely pleased with you.
You were very hungry.

You visited 4 branches of the dungeon, and saw 24 of its levels.
You also visited: Labyrinth.

You collected 2562 gold pieces.
You spent 2280 gold pieces at shops.

Inventory:

Hand Weapons
 a - a +0 morningstar of crushing (weapon)
 b - a +0 hand crossbow of velocity
 B - a +0 great mace
Missiles
 s - 117 bolts
Armour
 p - a +2 helmet (worn)
 w - the +7 Kryia's mail coat (worn) {PotionHeal*2 rC+}
   (You found it on level 12 of the Dungeon)

   It protects you from cold.
 A - a +1 buckler of reflection (worn)
 F - a +2 pair of boots (worn)
 P - a +2 cloak (worn)
 W - a +2 pair of gloves (worn)
Jewellery
 g - an uncursed ring of protection from cold
 i - a +3 ring of dexterity (right hand)
 m - an uncursed ring of see invisible
 v - an amulet of regeneration (around neck)
 y - a +5 ring of protection (left hand)
 M - an uncursed amulet of faith
 N - an uncursed ring of flight
 R - an uncursed ring of protection from fire
Wands
 l - a wand of digging (11/24)
 u - a wand of disintegration (0/24)
 D - a wand of polymorph (11/24)
 G - a wand of iceblast (6/15)
 K - a wand of paralysis (0/24)
 L - a wand of lightning (0/15)
 T - a wand of polymorph (11/24)
 U - a wand of flame (20/48)
 X - a wand of acid (4/15)
Scrolls
 d - 2 scrolls of blinking
 e - 6 scrolls of fear
 j - 2 scrolls of holy word
 n - 5 scrolls of remove curse
 C - 8 scrolls of teleportation
 E - 2 scrolls of recharging
 S - a scroll of magic mapping
 Y - 5 scrolls of fog
Potions
 f - 2 potions of might
 o - 4 potions of brilliance
 q - 5 potions of curing
 r - 4 potions of haste
 x - 5 potions of heal wounds
 H - a potion of magic
 I - 3 potions of agility
 O - 3 potions of ambrosia
Miscellaneous
 t - a fan of gales
 Q - a lightning rod (4/4)
 V - a lamp of fire (inert)
 Z - a phial of floods
Comestibles
 c - 10 bread rations
 h - 8 meat rations
 z - 9 fruits {!e}


   Skills:
 - Level 15.0 Fighting
 * Level 13.3 Maces & Flails
 - Level 14.0 Armour
 - Level 13.1 Dodging
 - Level 2.0 Stealth
 - Level 5.2 Shields
 - Level 4.0 Invocations
 - Level 4.0 Evocations


You had 14 spell levels left.
You knew the following spells:

 Your Spells              Type           Power        Failure   Level  Hunger
a - Summon Butterflies    Summ           #.......     65%         1    ##.....


Dungeon Overview and Level Annotations

Branches:
Dungeon (15/15)            Temple (0/1) D:4            Lair (6/6) D:10
 Shoals (1/4) Lair:3       Spider (0/4) Lair:4        Slime (0/5) Lair:5
    Orc (2/2) D:11            Elf (0/3) Orc:2        Vaults (0/5) D:14
 Depths (0/5) D:15

Altars:
Cheibriados
Dithmenos
Fedhas
Gozag
Kikubaaqudgha
Makhleb
Nemelex Xobeh
Okawaru
Ru
Sif Muna
Xom
Yredelemnul
The Shining One
Beogh

Shops:
Orc:2 !}(=

Annotations:
D:9 items behind dig/fly, Gastronok


Innate Abilities, Weirdness & Mutations

You tend to lose your temper in combat.
Scrolls take you a little longer to read.
You passively map a small area around you.
You are weak. (Str -2)


Message History

The shadowy forms in the deep grow still as others approach.
The merfolk avatar chants its luring song.
You block the drowned soul's attack.
Tentacles burst out of the water! 3 tentacles come into view.
You sock the merfolk avatar!
The merfolk avatar is almost dead.
The merfolk avatar chants its luring song.
The drowned soul touches you. The drowned soul drowns you!
* * * LOW HITPOINT WARNING * * *
You completely miss the merfolk avatar.
The merfolk avatar is almost dead.
The drowned soul returns to the deep!
The drowned soul touches you. The drowned soul drowns you!
* * * LOW HITPOINT WARNING * * *
The merfolk avatar chants its luring song.
You closely miss the merfolk avatar.
The merfolk avatar is almost dead.
You block the tentacle's attack. The tentacle slaps you!
You die...
Fedhas appreciates your contribution to the ecosystem.

....≈≈≈ ≈≈≈≈≈≈≈≈≈≈≈..≈.. ≈
≈...≈≈≈≈≈≈≈≈≈≈≈≈≈≈≈≈≈≈≈≈.
≈≈>≈≈≈≈≈≈.≈≈≈≈≈≈≈≈≈≈≈≈≈≈. ≈
≈≈≈≈≈≈≈≈>.≈≈≈≈≈≈...≈≈≈≈≈≈ ≈
≈≈≈≈≈≈≈......≈≈≈.#..≈≈≈≈. ≈
≈≈≈≈≈≈≈≈............≈≈≈≈. ≈
≈≈≈≈≈≈≈.............≈≈≈≈≈ ≈
≈ ≈≈≈≈≈≈≈............≈≈≈≈≈≈
≈.≈≈≈≈≈.........@m≈≈W≈≈≈≈
≈≈.≈≈≈≈.......ww.≈≈≈≈≈≈≈≈
≈.≈≈≈≈≈....../│.≈≈≈≈≈≈≈≈≈
...≈≈≈......│.│.≈≈≈≈≈≈≈≈≈
..≈≈≈≈..≈≈##││###≈≈≈≈≈≈≈≈,,
, ≈ ..≈≈≈≈.#≈###││#
#≈≈...≈.. *
.≈≈≈≈..####.X...##≈......
.≈≈≈≈..# ...w≈≈.. #......
***
≈≈≈≈...##..≈≈≈≈≈..#...... ,


You could see a kraken, a merfolk avatar, 3 tentacles and a drowned soul.

Vanquished Creatures
  An orc warlord (Orc:2)
  A war gargoyle (D:13)
  A dire elephant (D:15)
  A minotaur (Lab)
  6 hydras
  A hydra (shapeshifter) (D:13)
  3 catoblepae (Lair:6)
  8 vault guards
  2 centaur warriors
  4 death yaks
  4 two-headed ogres
  4 orc high priests (Orc:2)
  4 unseen horrors
  5 sea snakes (Shoals:1)
  2 ironbrand convokers (D:14)
  A lindwurm (Lair:4)
  6 orc knights
  2 deep elf magi
  9 orc sorcerers
  A wolf spider (Lair:4)
  A wolf spider zombie (D:13)
  An ugly thing (D:13)
  6 manticores
  5 cyclopes
  6 elephants
  A salamander (D:15)
  Maurice (D:11)
  3 black mambas
  6 merfolk sirens
  10 spiny frogs
  A torpor snail (Lair:4)
  10 gargoyles
  An efreet (D:15)
  2 rime drakes
  A kobold demonologist (D:15)
  4 komodo dragons
  A freezing wraith (D:13)
  10 trolls
  2 jumping spiders (Lair:4)
  3 merfolk (Shoals:1)
  2 hornets (D:11)
  A polar bear (Lair:6)
  A polar bear (shapeshifter) (D:14)
  A blink frog (Lair:5)
  4 slime creatures
  3 wandering mushrooms
  14 hippogriffs
  A redback (Lair:4)
  4 shadows
  3 wraiths
  2 vampires
  2 wyverns (D:10)
  4 hungry ghosts
  22 yaks
  A fire elemental (Lair:1)
  2 basilisks
  2 vampire mosquitoes (D:12)
  6 wargs
  An acid dragon (D:13)
  A soldier ant (D:15)
  8 water moccasins
  Duvessa (D:5)
  47 orc warriors
  3 porcupines
  5 ice beasts
  3 sky beasts
  2 slaves (D:7)
  An eye of draining (D:15)
  2 phantoms
  2 black bears
  20 ogres
  22 wolves
  16 centaurs
  11 crocodiles
  8 bullfrogs
  2 gnoll sergeants
  A scorpion (D:7)
  5 killer bees (D:9)
  16 wights
  3 electric eels
  5 howler monkeys
  9 crimson imps
  A centaur zombie (D:10)
  4 jellies
  A quasit (D:11)
  8 hounds
  2 bullfrog skeletons
  8 centaur skeletons
  34 orc priests
  4 iguanas
  Ijyb (D:5)
  20 orc wizards
  6 hell rats
  7 worker ants
  A hound skeleton (D:9)
  19 gnolls
  12 adders
  A shadow imp (D:5)
  12 white imps (D:14)
  6 oozes
  A worm (D:2)
  5 leopard geckos
  108 orcs
  8 bats
  3 bat zombies (D:2)
  3 giant cockroaches
  5 goblins
  6 hobgoblins
  14 jackals
  9 kobolds
  3 quokkas
  4 ball pythons
  6 frilled lizards
  A giant cockroach zombie (D:5)
  6 rats
  2 rat zombies (D:2)
  A plant (Lair:6)
  3 tentacles (Shoals:1)
745 creatures vanquished.

Vanquished Creatures (collateral kills)
  Snorg (D:10)
  5 hydras
  2 two-headed ogres
  The ghost of Haddockses the Basher, a journeyman GrFi of Okawaru (D:11)
  4 death yaks
  2 ugly things
  Pikel (D:7)
  9 elephants
  2 gargoyles
  3 spiny frogs
  2 komodo dragons
  A freezing wraith (D:9)
  A polar bear (Lair:3)
  3 slime creatures (D:13)
  A dream sheep (Lair:6)
  Grinder (D:3)
  6 blink frogs
  Sigmund (D:5)
  A wyvern (Lair:3)
  10 yaks
  3 basilisks
  Menkaure (D:7)
  3 water moccasins
  A porcupine (Lair:3)
  3 ice beasts
  2 orc warriors
  2 sky beasts
  An eye of draining (D:13)
  7 centaurs
  7 wolves
  2 crocodiles
  Blork the orc (D:5)
  A bullfrog (D:7)
  A gnoll sergeant (D:6)
  A water moccasin zombie (D:7)
  Dowan (D:5)
  A scorpion (D:4)
  4 wights (D:13)
  2 crimson imps
  A centaur zombie (D:5)
  A quasit (D:12)
  2 hounds
  3 orc wizards
  2 orc priests
  5 hell rats
  3 worker ants
  A killer bee zombie (D:7)
  2 gnolls
  An adder skeleton (D:7)
  A leopard gecko (D:3)
  5 orcs
  A ball python (D:6)
  A giant cockroach (D:3)
  2 hobgoblins (D:3)
  A jackal (D:6)
  A quokka (D:7)
  A quokka skeleton (D:8)
135 creatures vanquished.

Vanquished Creatures (others)
  62 wandering mushrooms
  A water moccasin (Lair:6)
  A necrophage (D:11)
  An orc warrior (Orc:2)
  A worker ant zombie (D:5)
  A bush (Lair:6)
  A fire vortex (Lair:1)
  16 fungi
  32 plants
  16 tentacles (Shoals:1)
  629 toadstools
761 creatures vanquished.

Grand Total: 1641 creatures vanquished

Notes
Turn   | Place    | Note
-------+----------+-------------------------------------------
     0 | D:1      | xgamer67 the Human Monk began the quest for the Orb.
     0 | D:1      | Reached XP level 1. HP: 18/18 MP: 1/1
   131 | D:1      | Reached XP level 2. HP: 23/24 MP: 2/2
   487 | D:1      | Reached XP level 3. HP: 29/29 MP: 3/3
  1014 | D:2      | Found a blossoming altar of Fedhas.
  1053 | D:2      | Became a worshipper of Fedhas Madash
  1053 | D:2      | Reached * piety under Fedhas
  1053 | D:2      | Reached ** piety under Fedhas
  1410 | D:2      | Found a shimmering altar of Xom.
  1590 | D:2      | Reached XP level 4. HP: 35/35 MP: 4/4
  1710 | D:2      | Found a deep blue altar of Sif Muna.
  1755 | D:2      | Found an ancient bone altar of Kikubaaqudgha.
  1886 | D:3      | Noticed Grinder
  1902 | D:3      | Killed Grinder
  1902 | D:3      | Reached XP level 5. HP: 17/41 MP: 5/5
  1902 | D:3      | Reached XP level 6. HP: 20/47 MP: 6/6
  3080 | D:4      | Found a burning altar of Makhleb.
  3135 | D:4      | Reached XP level 7. HP: 45/52 MP: 7/7
  3640 | D:4      | Found a staircase to the Ecumenical Temple.
  4306 | D:5      | Entered Level 5 of the Dungeon
  4329 | D:5      | Noticed Sigmund
  4352 | D:5      | Killed Sigmund
  4352 | D:5      | Reached XP level 8. HP: 52/58 MP: 8/8
  4393 | D:5      | Noticed Blork the orc
  4410 | D:5      | Killed Blork the orc
  4565 | D:5      | Found a sacrificial altar of Ru.
  4579 | D:5      | Noticed Ijyb
  4583 | D:5      | Paralysed by Ijyb for 2 turns
  4594 | D:5      | Paralysed by Ijyb for 7 turns
  4620 | D:5      | Paralysed by Ijyb for 7 turns
  4631 | D:5      | Killed Ijyb
  4747 | D:5      | Noticed Duvessa
  4756 | D:5      | Killed Duvessa
  4836 | D:5      | Noticed Dowan
  4840 | D:5      | Killed Dowan
  5034 | D:5      | Found a sparkling altar of Nemelex Xobeh.
  5035 | D:5      | Found an opulent altar of Gozag.
  5150 | D:5      | Reached skill level 10 in Maces & Flails
  5325 | D:5      | Reached skill level 4 in Fighting
  5900 | D:6      | Reached skill level 5 in Fighting
  5903 | D:6      | Reached XP level 9. HP: 58/68 MP: 9/9
  6231 | D:6      | Reached skill level 6 in Fighting
  6943 | D:6      | Reached skill level 7 in Fighting
  7480 | D:7      | Noticed a hippogriff
  7495 | D:7      | Reached skill level 8 in Fighting
  7512 | D:7      | Killed a hippogriff
  7980 | D:7      | Reached skill level 9 in Fighting
  8011 | D:7      | Reached skill level 1 in Armour
  8027 | D:7      | Noticed Menkaure
  8040 | D:7      | Killed Menkaure
  8060 | D:7      | Reached XP level 10. HP: 10/83 MP: 10/10
  8481 | D:7      | Noticed Pikel
  8580 | D:7      | Killed Pikel
  8981 | D:8      | Found a sparkling altar of Nemelex Xobeh.
  8992 | D:8      | Found a snail-covered altar of Cheibriados.
  8996 | D:8      | Found an iron altar of Okawaru.
  9055 | D:8      | Reached skill level 5 in Armour
  9185 | D:8      | Noticed a two-headed ogre
  9205 | D:8      | Killed a two-headed ogre
 10042 | D:9      | Noticed a gargoyle
 10043 | D:9      | Noticed Gastronok
 10076 | D:9      | Killed a gargoyle
 10076 | D:9      | Reached skill level 1 in Evocations
 10126 | D:9      | Noticed a two-headed ogre
 10137 | D:9      | Killed a two-headed ogre
 10387 | D:9      | Noticed a freezing wraith
 10412 | D:9      | Killed a freezing wraith
 11006 | D:9      | Found a glowing golden altar of the Shining One.
 11178 | D:9      | Reached XP level 11. HP: 89/89 MP: 14/14
 11346 | D:10     | Entered Level 10 of the Dungeon
 11653 | D:10     | Learned a level 1 spell: Summon Butterflies
 11719 | D:10     | Noticed a two-headed ogre
 11734 | D:10     | Killed a two-headed ogre
 11790 | D:10     | Noticed Snorg
 11803 | D:10     | Killed Snorg
 12425 | D:10     | Found a staircase to the Lair.
 13156 | D:11     | Noticed Haddockses's ghost (journeyman GrFi)
 13215 | D:11     | Killed Haddockses's ghost
 13489 | D:11     | Noticed a red ugly thing
 13513 | D:11     | Killed a red ugly thing
 13513 | D:11     | Reached skill level 5 in Dodging
 14075 | D:11     | Noticed Maurice
 14088 | D:11     | Killed Maurice
 14249 | D:11     | Reached XP level 12. HP: 89/96 MP: 15/15
 14381 | D:11     | Found a staircase to the Orcish Mines.
 14669 | Lair:1   | Entered Level 1 of the Lair of Beasts
 14732 | Lair:1   | Noticed a four-headed hydra
 14748 | Lair:1   | Killed a four-headed hydra
 14748 | Lair:1   | Reached skill level 10 in Fighting
 14856 | Lair:1   | Noticed a seven-headed hydra
 14871 | Lair:1   | Killed a seven-headed hydra
 15030 | Lair:1   | Got a shimmering lajatang
 15041 | Lair:1   | Identified the cursed +0 lajatang "Toaplacs" {pain, Str+3} (You found it on level 1 of the Lair of Beasts)
 15099 | Lair:1   | Reached skill level 11 in Fighting
 15673 | Lair:1   | You fall through a shaft!
 15983 | Lair:2   | Found a basalt altar of Yredelemnul.
 16016 | Lair:2   | Noticed a seven-headed hydra
 16032 | Lair:2   | Killed a seven-headed hydra
 16753 | Lair:2   | Reached skill level 12 in Fighting
 17887 | Lair:3   | Reached XP level 13. HP: 85/109 MP: 16/16
 18029 | Lair:3   | Found a staircase to the Shoals.
 18093 | Lair:3   | Noticed a seven-headed hydra
 18103 | Lair:3   | Killed a seven-headed hydra
 18103 | Lair:3   | Reached skill level 13 in Fighting
 18908 | Lair:4   | Found a hole to the Spider Nest.
 19056 | Lair:4   | Noticed an eight-headed hydra
 19069 | Lair:4   | Killed an eight-headed hydra
 20335 | Lair:4   | Reached skill level 10 in Armour
 21368 | Lair:5   | Found a staircase to the Slime Pits.
 21434 | Lair:5   | Noticed an eight-headed hydra
 21448 | Lair:5   | Killed an eight-headed hydra
 22365 | Lair:5   | Noticed a six-headed hydra
 22377 | Lair:5   | Killed a six-headed hydra
 22864 | Lair:6   | Entered Level 6 of the Lair of Beasts
 23044 | Lair:6   | Noticed a four-headed hydra
 23056 | Lair:6   | Killed a four-headed hydra
 23102 | Lair:6   | Reached XP level 14. HP: 79/118 MP: 17/17
 24536 | Lair:6   | Reached skill level 1 in Shields
 27989 | Lair:6   | Reached skill level 5 in Shields
 29609 | D:12     | Got a transparent shortbow
 31239 | D:13     | Reached XP level 15. HP: 116/124 MP: 9/18
 31478 | D:13     | Found a labyrinth entrance.
 31485 | Lab      | Entered a labyrinth
 31955 | Lab      | Identified the cursed +1 shortbow "Kiqiammuwonk" {flame, *Contam rC+ MR+ Dex+3} (You took it off an orc priest on level 12 of the Dungeon)
 31972 | Lab      | Gained mutation: Scrolls take you a little longer to read. [mutagenic glow]
 31986 | Lab      | Got a faintly humming scale mail
 32008 | Lab      | Identified the +3 scale mail "Lekageap" {rCorr} (You found it in a labyrinth)
 32021 | Lab      | Got a shimmering shortbow
 32027 | Lab      | Identified the +2 shortbow of Fundamental Breach {speed, rElec rC+++ MP+9 Dex-4} (You found it in a labyrinth)
 33464 | D:13     | Noticed a war gargoyle
 33495 | D:13     | Killed a war gargoyle
 33783 | D:13     | Reached skill level 10 in Dodging
 34093 | D:14     | Found a shadowy altar of Dithmenos.
 35341 | D:13     | Reached skill level 14 in Fighting
 35946 | D:14     | Noticed Sonja
 35947 | D:14     | Noticed Sonja
 35947 | D:14     | Sonja changed into Sonja the spiny frog
 35958 | D:14     | Killed Sonja the spiny frog
 36089 | D:14     | Found a gate to the Vaults.
 36455 | Orc:1    | Entered Level 1 of the Orcish Mines
 36486 | Orc:1    | Found a roughly hewn altar of Beogh.
 36578 | Orc:1    | Found a roughly hewn altar of Beogh.
 36729 | Orc:2    | Entered Level 2 of the Orcish Mines
 37468 | Orc:2    | Paralysed by an orc sorcerer for 7 turns
 38148 | Orc:1    | Found a roughly hewn altar of Beogh.
 38287 | Orc:1    | Reached *** piety under Fedhas
 38974 | Orc:2    | Found a roughly hewn altar of Beogh.
 38998 | Orc:2    | Reached XP level 16. HP: 114/134 MP: 19/19
 39467 | Orc:2    | Paralysed by an orc sorcerer for 4 turns
 40063 | D:13     | Lost mutation: Scrolls take you a little longer to read. [potion of mutation]
 40063 | D:13     | Gained mutation: Scrolls take you a little longer to read. [potion of mutation]
 40063 | D:13     | Gained mutation: You passively map a small area around you. [potion of mutation]
 40701 | Orc:1    | Reached **** piety under Fedhas
 41761 | Orc:2    | Found Voet's Jewellery Boutique.
 41771 | Orc:2    | Found Edwat's Weapon Shop.
 42133 | Orc:2    | Found Xuom's Gadget Shoppe.
 42550 | Orc:2    | Reached ***** piety under Fedhas
 42614 | Orc:2    | Found a staircase to the Elven Halls.
 42888 | Orc:2    | Found a roughly hewn altar of Beogh.
 43115 | Orc:2    | Found Catueff's Distillery.
 43140 | Orc:2    | Gained mutation: You tend to lose your temper in combat. [a neqoxec]
 43144 | Orc:2    | Gained mutation: You are weak. (Str -2) [a neqoxec]
 43290 | Orc:2    | Bought 2 potions of heal wounds for 110 gold pieces
 43290 | Orc:2    | Bought a potion of curing for 33 gold pieces
 43290 | Orc:2    | Bought a potion of curing for 33 gold pieces
 43469 | Orc:2    | Bought an uncursed amulet of regeneration for 480 gold pieces
 43482 | Orc:2    | Bought a +0 morningstar of crushing for 144 gold pieces
 43542 | Orc:2    | Bought a fan of gales for 600 gold pieces
 43542 | Orc:2    | Bought a lamp of fire for 600 gold pieces
 43680 | Orc:1    | Paralysed by an orc sorcerer for 6 turns
 43803 | D:15     | Entered Level 15 of the Dungeon
 44609 | D:15     | Reached skill level 15 in Fighting
 44747 | D:15     | Found a staircase to the Depths.
 45137 | D:15     | Upgraded the game from 0.21-a0-78-g82a99e0 to 0.21-a0-79-g04744e2
 45325 | Orc:2    | Bought an uncursed ring of flight for 280 gold pieces
 45485 | Shoals:1 | Entered Level 1 of the Shoals
 45739 | Shoals:1 | Noticed a kraken
 45806 | Shoals:1 | Slain by a tentacle

Vault maps used:
D:1:      zelgadis_glass_arrival_large
D:2:      lemuel_crystal_altar, lemuel_zombie_altar_kikubaaqudgha,
          xom_teletrap_fun, fedhas_altar_3
D:3:      hangedman_decor_points, uniq_grinder
D:4:      bloody_makhleb, temple_green, first_bread, minmay_misc_feat_ornament,
          guppyfry_early_orc_mine
D:5:      grunt_temple_overflow_opulence, kennysheep_mini_moat, uniq_ijyb,
          uniq_sigmund, uniq_blork_the_orc, uniq_duvessa
D:7:      uniq_pikel, uniq_menkaure
D:8:      overflow_temple_1_default, basic_altar,
          hangedman_little_slice_of_home, cheibriados_altar_1
D:9:      minmay_weird_star, lemuel_crystal_altar, nicolae_lava_and_water,
          uniq_gastronok
D:10:     lair_entry_dummy, uniq_snorg
D:11:     orc_0_dummy, mrwooster_statue_mirror, uniq_maurice
D:13:     gargoyle_guard, lab_entry_generic
D:14:     erik_vaults_2, portal_ice_cave_entry_imps,
          grunt_dithmenos_smoke_and_mirrors, uniq_sonja
D:15:     hangedman_depths_entry_try_elsewhere_first, wad_floor_pattern_2
Lair:1:   infiniplex_staircase_pool
Lair:2:   basic_altar
Lair:3:   elwin_shoals_entry_stream, serial_bayou_shore_a
Lair:4:   spider_nest_entry_funnel_web
Lair:5:   slime_dummy, hibernation_bobbens
Lair:6:   evilmike_catoblepas_cave, columned_hall_lemuel
Shoals:1: nicolae_shoals_kraken_intersection
Orc:1:    hangedman_feature_mirror, mines1_david
Orc:2:    pubby_orc_utopia
Lab:      labyrinth_hidden_loot, nicolae_lab_statue

Skill      XL: |  1  2  3  4  5  6  7  8  9 10 11 12 13 14 15 16 |
---------------+-------------------------------------------------+-----
Maces & Flails | 4 6 7 8 10 12 13 | 13.3
Fighting       | 5 9 12 13 14 15 | 15.0
Armour         | 2 7 8 11 14 | 14.0
Evocations     | 4 |  4.0
Invocations    | 4 |  4.0
Dodging        | 6 8 12 13 | 13.1
Shields        | 5 |  5.2
Stealth        | |  2.0

Action                   |  1- 3 |  4- 6 |  7- 9 | 10-12 | 13-15 | 16-18 || total
-------------------------+-------+-------+-------+-------+-------+-------++-------
Melee: Whip              |   140 |   187 |   585 |  1302 |  3869 |  1076 ||  7159
       Mace              |     2 |       |       |       |       |       ||     2
       Morningstar       |       |       |       |       |       |   378 ||   378
Invok: Evolution         |     8 |       |     4 |    25 |    29 |       ||    66
       Fungal Bloom      |       |     5 |    19 |    36 |    81 |    31 ||   172
Evoke: Wand              |       |       |     2 |     2 |    13 |    27 ||    44
       Phial of floods   |       |       |       |       |     2 |     1 ||     3
       Sack of spiders   |       |       |       |       |     1 |       ||     1
       Lightning rod     |       |       |       |       |     4 |       ||     4
       Lamp of fire      |       |       |       |       |       |     1 ||     1
  Use: Scroll            |       |     7 |     9 |    12 |    14 |     5 ||    47
       Potion            |       |       |       |       |     5 |     4 ||     9
 Stab: Sleeping          |     1 |       |       |       |       |       ||     1
       Distracted        |       |     1 |       |     4 |     4 |       ||     9
       Confused          |       |       |       |    14 |    26 |       ||    40
       Petrified         |       |       |       |       |     3 |       ||     3
       Invisible         |       |       |       |       |       |     9 ||     9
  Eat: Bread ration      |     1 |       |       |       |     3 |       ||     4
       Chunk             |       |     3 |    16 |    25 |    40 |    23 ||   107
       Royal jelly       |       |       |       |     8 |     8 |       ||    16
Armor: Robe              |     3 |       |       |       |       |       ||     3
       Ring mail         |    23 |    21 |       |       |       |       ||    44
       Chain mail        |       |    72 |   230 |   545 |   751 |       ||  1598
       Scale mail        |       |       |       |       |   503 |   333 ||   836
Dodge: Dodged            |    82 |    55 |   106 |   337 |  1349 |   666 ||  2595
Block: Buckler           |       |       |       |       |   464 |   298 ||   762
       Reflection        |       |       |       |       |    13 |    10 ||    23
